Unix NetHack Version 3.7.0-59 Work-in-progress - last build Jun 21 2022 21:34:18 (82e59222e4b6558e33156aede0636042c14940b8,branch:master). Game began 2022-05-24 21:51:07, ended 2023-02-09 09:35:37. okmujnyhb, lawful female dwarven Valkyrie ----------------------------- |....|..0.0.^^^^^^^^^^^^^^^.| |.000|0..0.----------------+| |..0.....0.| |.........| |.00.|0.0.0| |.........| |..0.|.....| |.........| |-.--------- |.........| |....|..d.| |....<....| |.....0...--- |.........| |..00|00..@?| |.........| |....|....--- |.........| ----------- ----------- Okmujnyhb the Fighter St:18 Dx:13 Co:20 In:8 Wi:9 Ch:9 Lawful S:16710 Dlvl:6 $:731 HP:104(104) Pw:15(15) AC:-2 Xp:9/3852 T:10315 Satiated Latest messages: You have a little trouble lifting N - 2 scrolls labeled MAPIRO MAHAMA DIROMAT. There are several more objects here. Your movements are slowed slightly because of your load. The Eater-of-Chains drops an orcish helm. What do you want to drop? [$a-df-zAC-NP-WYZ or ?*] You drop 2 scrolls labeled MAPIRO MAHAMA DIROMAT. Your movements are now unencumbered. The Eater-of-Chains picks up a pair of iron shoes. You see here 3 elven arrows. You see here 3 elven arrows. You can't go down here. You climb up the stairs. There is a staircase down to level 7 here. You see here 2 food rations. There are 2 food rations here; eat one? [ynq] (n) The Eater-of-Chains eats an egg. You're having a hard time getting all of it down. You're finally finished. You have a little trouble lifting a food ration. Continue? [ynq] (q) You have a little trouble lifting p - a food ration. Your movements are slowed slightly because of your load. What do you want to drop? [$a-df-zAC-MP-WYZ or ?*] You drop a scroll of teleportation. The scroll of teleportation falls down the stairs. What do you want to drop? [$a-df-zACDF-MP-WYZ or ?*] You drop a scroll of light. What do you want to drop? [$a-df-zACDFGI-MP-WYZ or ?*] You drop 2 scrolls of light. The scrolls of light hit another object. From the impact, the other object falls. Your movements are now unencumbered. You swap places with The Eater-of-Chains. Really save? [yn] (n) Saving... Restoring save file... Velkommen okmujnyhb, the dwarven Valkyrie, welcome back to NetHack! Restoring save file... Velkommen okmujnyhb, the dwarven Valkyrie, welcome back to NetHack! You swap places with The Eater-of-Chains. The Eater-of-Chains picks up a scroll of light. You swap places with The Eater-of-Chains. What do you want to ready? [- $fJT or ?*] Never mind. # Really quit? [yn] (n) Do you want your possessions identified? [ynq] (y) Do you want to see your attributes? [ynq] (y) Do you want an account of creatures vanquished? [ynaq] (y) Do you want to see your conduct and achievements? [ynq] (y) Do you want to see the dungeon overview? [ynq] (y) Major events: Turn 1: okmujnyhb the lawful dwarven Valkyrie entered the dungeon 451: entered the Gnomish Mines 1379: attained the rank of Skirmisher (level 3) 2887: has been given Excalibur, and now enjoys supreme executive power 3286: reached Mine Town 3920: attained the rank of Fighter (level 6) 6385: found Grimtooth carried by a monster 9519: consulted the Oracle 9867: entered Sokoban 10144: completed sokoban 1 10315: quit Inventory: Coins ('$') $ - 731 gold pieces Weapons (')') T - a blessed +2 dart (at the ready) J - 24 +0 darts f - a +0 silver dagger a - the blessed rustproof +1 Excalibur (weapon in hand) Armor ('[') I - an uncursed +0 orcish helm (being worn) l - an uncursed +0 pair of low boots (being worn) c - an uncursed +3 small shield (being worn) W - a cursed +0 dwarvish cloak (being worn) b - an uncursed +0 splint mail (being worn) Comestibles ('%') p - 6 uncursed food rations Scrolls ('?') m - an uncursed scroll of enchant weapon Q - an uncursed scroll of fire t - 2 uncursed scrolls of light P - an uncursed scroll of punishment n - 2 uncursed scrolls of teleportation Potions ('!') A - a blessed potion of blindness d - a blessed potion of fruit juice s - an uncursed potion of full healing k - an uncursed potion of gain energy j - an uncursed potion of object detection q - a cursed potion of see invisible y - a cursed potion of sleeping g - a potion of holy water Rings ('=') G - an uncursed +1 ring of gain strength v - a blessed +1 ring of protection x - an uncursed ring of protection from shape changers (on right hand) w - an uncursed ring of regeneration (on left hand) R - an uncursed ring of see invisible Wands ('/') F - a wand of digging (0:8) S - a wand of digging (0:4) u - a wand of fire (0:5) h - a wand of fire (0:3) M - a wand of magic missile (0:1) C - a wand of magic missile (0:0) D - a wand of magic missile (0:0) z - a wand of make invisible (0:2) r - a wand of polymorph (0:4) Tools ('(') i - an uncursed wooden flute Y - an uncursed skeleton key o - an uncursed stethoscope K - 2 uncursed tallow candles U - an uncursed tin opener V - a +0 unicorn horn L - an uncursed wax candle Okmujnyhb the Valkyrie's attributes: Background: You were a Fighter, a level 9 dwarven Valkyrie. You were lawful, on a mission for Tyr who was opposed by Odin (neutral) and Loki (chaotic). You were in Sokoban, on level 6. You entered the dungeon 10315 turns ago. You had 3852 experience points, 1268 more were needed to attain level 10. Your score was 16710 before end-of-game adjustments. Basics: You had all 104 hit points. You had all 15 energy points (spell power). Your armor class was -2. Your wallet contained 731 zorkmids. Autopickup was on for '?!/$="+' plus thrown, with exceptions. Final Characteristics: Your strength was 18 (limit:18/100). Your dexterity was 13 (limit:20). Your constitution was 20 (limit:20). Your intelligence was 8 (limit:16). Your wisdom was 9 (limit:16). Your charisma was 9 (limit:16). Final Status: You were satiated. You were unencumbered. You were wielding a long sword. You had basic skill with long sword and could have enhanced that. Final Attributes: You were piously aligned. You were cold resistant. You were poison resistant. You were level-drain resistant. You were telepathic. You had automatic searching. You had infravision. You were stealthy. You aggravated monsters. You regenerated. You were warded. You were protected from shape changers. You were fast. You survived. Miscellaneous: You never encountered a bones level. Total elapsed playing time was 3 hours, 6 minutes and 31 seconds. Vanquished creatures: a small mimic a troll a large cat a soldier a crocodile a giant beetle a quivering blob a cockatrice 3 winter wolf cubs a lynx a leprechaun 8 orc-captains 5 giant spiders a scorpion a gnome ruler a dwarf mummy an ogre a werewolf 4 Green-elves a lizard 2 chickatrices a housecat a jaguar a dwarf leader a blue jelly a black unicorn a raven 2 gnome mummies 3 snakes 5 human zombies 4 Woodland-elves a soldier ant an imp 2 water nymphs a mountain nymph 2 Mordor orcs 14 Uruk-hai 10 orc shamans 4 rock piercers a rock mole 5 ponies 2 fog clouds a yellow light a shrieker 5 gnome leaders a gnomish wizard a kobold mummy a gray ooze 4 giant ants 4 floating eyes 7 dwarves 2 homunculi a kobold leader 31 hill orcs 4 rothes a centipede 3 giant bats 3 wererats 2 werejackals 5 iguanas 5 killer bees an acid blob a coyote 4 hobbits 12 manes a large kobold 4 hobgoblins 2 orcs 6 giant rats 2 cave spiders 3 yellow molds 38 gnomes 4 geckos 9 jackals 7 goblins 3 sewer rats 8 grid bugs 2 bats 14 lichens 3 newts 307 creatures vanquished. No species were genocided or became extinct. Voluntary challenges: You read items or engraved 16 times. You engraved Elbereth 7 times. You never genocided any monsters. You never polymorphed an object. You used no wishes. You did not violate any of the special Sokoban rules. Achievements: You entered the Gnomish Mines. You entered a shop. You attained the rank of Skirmisher. You entered Minetown. You attained the rank of Fighter. You consulted the Oracle of Delphi. You entered Sokoban. The Dungeons of Doom: levels 1 to 9 Level 1: Some fountains, a sink. Level 2: Stairs down to The Gnomish Mines. Level 3: A potion shop. Level 4: Level 5: Level 6: A grave. Level 7: Many fountains. Oracle of Delphi. Level 8: A fountain. Stairs up to Sokoban, level 7. Level 9: The Gnomish Mines: levels 3 to 11 Level 3: Level 4: Level 5: An altar to Tyr, some fountains. Level 6: Level 7: Level 8: Level 9: Level 10: Level 11: A fountain. Sokoban: levels 7 up to 6 Level 6: <- You were here. Unsolved. Level 7: Solved. Farvel okmujnyhb the Valkyrie... You quit in Sokoban on dungeon level 6 with 16710 points, and 731 pieces of gold, after 10315 moves. You were level 9 with a maximum of 104 hit points when you quit.